 Dungeon Crawl Stone Soup version 0.31-a0-626-g8143ab4f1d (webtiles) character file.

Game seed: 6800579568087171648

11 jvmiller the Ruffian (level 2, 0/29 HPs)
             Began as a Troll Berserker on Aug 24, 2023.
             Was a Follower of Trog.
             Succumbed to their own poison gas
             ... on level 1 of the Dungeon.
             The game lasted 00:04:23 (476 turns).

jvmiller the Ruffian (Troll Berserker)               Turns: 476, Time: 00:04:23

Health: 0/29       AC:  4    Str: 24    XL:     2   Next: 13%
Magic:  1/1        EV: 10    Int:  3    God:    Trog [*.....]
Gold:   0          SH:  0    Dex:  9    Spells: 1/1 levels left

rFire   . .          .
                       - Unarmed
rCold   . . .        (no shield)
rNeg    . . .        a - +0 animal skin
rPois   .            (helmet restricted)
rElec   .            (no cloak)
rCorr   .            (gloves unavailable)
SInv    .            (boots unavailable)
Will    .....        (no amulet)
Stlth   +            (no ring)
HPRegen 1.04/turn    (no ring)
MPRegen 0.07/turn

%: no passive effects
@: lethally poisoned (0 -> -22)
A: large, unfitting armour, claws 3, regeneration 1, shaggy fur 1, tough skin 1
a: Renounce Religion, Berserk


You were on level 1 of the Dungeon.
You worshipped Trog.
Trog was aware of your devotion.
You visited 1 branch of the dungeon, and saw 1 of its levels.

You collected 22 gold pieces.
You spent 22 gold pieces at shops.

Inventory:

Armour
 a - a +0 animal skin (worn)
Potions
 b - a potion of mutation
 d - a potion of might {unknown}
 g - a potion of brilliance {unknown}


   Skills:
 + Level 2.6 Fighting
 + Level 2.6 Dodging
 + Level 3.2 Unarmed Combat


You had one spell level left.
You didn't know any spells.
Your spell library was empty.

Dungeon Overview and Level Annotations

Branches:
Dungeon (1/15)

Altars:

Shops:
D:1 :??


Innate Abilities, Weirdness & Mutations

You are too large for most types of armour.
You have claws for hands.
Your natural rate of healing is unusually fast.
You are covered in fur. (AC +1)
You have tough skin. (AC +1)


Message History

There is an entrance to Hulyoleh's Magic Scroll Shop here.
Found 6 gold pieces.
You now have 16 gold pieces (gained 2).
You now have 22 gold pieces (gained 6).
There is an entrance to Hulyoleh's Magic Scroll Shop here.
The air fills with toxic fumes!
As you read the scroll labelled GOEMILLELIJ, it crumbles to dust.
It was a scroll of poison.
As you read the scroll labelled XIEL JURIP ZAS, it crumbles to dust.
Your body is wracked with pain!
It was a scroll of torment.
As you read the scroll labelled ZOFUOTIYGO, it crumbles to dust.
Wisps of shadow whirl around you...
It was a scroll of summoning.
Okay, then.
Okay, then.
c - a scroll of identify Thank you for shopping at Hulyoleh's Magic Scroll Shop!
As you read the scroll of identify, it crumbles to dust.
b - a potion of mutation Your goblin is engulfed in poison gas.
Your goblin is poisoned.
You kill your goblin!
Your goblin's corpse dissolves into shadows!
Your goblin is poisoned.
Your hobgoblin is engulfed in poison gas.
Your hobgoblin is poisoned.
You kill your hobgoblin!
Your hobgoblin's corpse dissolves into shadows!
Unknown command.
You are engulfed in poison gas.
You are poisoned.
* * * LOW HITPOINT WARNING * * *
You feel very sick.
Your goblin is engulfed in poison gas.
Your goblin looks even sicker.
You kill your goblin!
Your goblin's corpse dissolves into shadows!
You are engulfed in poison gas.
You are lethally poisoned!
* * * LOW HITPOINT WARNING * * *
You die...

#. #..
###.########.#
....§.....##.#
.[..§§....##.#
....§§§...##.#
....§§§§..##.# ##
....§§§§§....# #.
....§§§§§§#####§§#
#.
....§§§§§@§∩§§§§§#
#.
#######§§#§#######
#. ##.#☼.. #####.
##.####### #.....
#........# #.###.
#..##.#..#### # ###.
#...........# #.#.#.
#.##...######.#.#.#.
#.###.........#...#.


There were no monsters in sight!

Vanquished Creatures
  A dart slug (D:1)
  A ball python (D:1)
  2 bats (D:1)
  A goblin (D:1)
  3 frilled lizards (D:1)
  A kobold (D:1)
9 creatures vanquished.

Notes
Turn   | Place    | Note
-------+----------+-------------------------------------------
     0 | D:1      | jvmiller the Troll Berserker began the quest for the Orb.
     0 | D:1      | Reached XP level 1. HP: 22/22 MP: 0/0
    68 | D:1      | Found Weerruh's Magic Scroll Boutique.
   229 | D:1      | Reached XP level 2. HP: 29/29 MP: 1/1
   282 | D:1      | Noticed a walking frostbound tome
   285 | D:1      | Found Rirchaede's Book Shop.
   286 | D:1      | Noticed a walking divine tome
   426 | D:1      | Found Hulyoleh's Magic Scroll Shop.
   474 | D:1      | Bought a scroll of identify for 22 gold pieces
   476 | D:1      | Succumbed to their own poison gas

Illustrated notes

Levels and vault maps discovered:
D:1:      psy_arrival_spokes, layout_basic, serial_shops, shop,
          nicolae_shop_crystal, nicolae_shop_mannequins

Action                     || total
---------------------------++-------
  Melee: Unarmed           ||    25
    Use: Scroll            ||     4
 Armour: Animal skin       ||    17
  Dodge: Dodged            ||    20

Table legend: (Time is in decaauts)
 A = Elapsed time spent in this place.
 B = Non-inter-level travel time spent in this place.
 C = Inter-level travel time spent in this place.
 D = Time resting spent in this place.
 E = Time spent auto-exploring this place.
 F = Levels seen in this place.
 G = Mean time per level.
                   A        B        C        D        E       F      G
               +--------+--------+--------+--------+--------+-----+--------+
         Total |    474 |    474 |      0 |      0 |      0 |   1 |  474.0 |
       Dungeon |    474 |    474 |      0 |      0 |      0 |   1 |  474.0 |
               +--------+--------+--------+--------+--------+-----+--------+

Top non-repeatable levels by time:
     D:1: 474 daAuts
